 Dungeon Sprint DCSS version 0.29-a0-802-g34511f41fd (webtiles) character file.

Game seed: 14462539135235167552

246 mhtbhm the Covert (level 5, 0/37 HPs)
             Began as a Spriggan Enchanter on July 3, 2022.
             Was a Follower of Dithmenos.
             Slain by a scorpion (2 damage)
             ... in the Dungeon (Sprint IV: "Fedhas' Mad Dash").
             The game lasted 00:00:37 (73 turns).

mhtbhm the Covert (Spriggan Enchanter)                Turns: 73, Time: 00:00:38

Health: 0/37       AC:  2    Str:  4    XL:     5   Next: 84%
Magic:  13/14      EV: 20    Int: 17    God:    Dithmenos [*.....]
Gold:   0          SH:  0    Dex: 17    Spells: 15/15 levels left

rFire   . . .      SeeInvis +   a - +1 dagger
rCold   . . .      Faith    .   (no shield)
rNeg    . . .      Spirit   .   b - +0 robe
rPois   .          Reflect  .   (helmet restricted)
rElec   .          Harm     .   (no cloak)
rCorr   .          Rampage  .   (gloves unavailable)
Will    .....      NoTele   +   (boots unavailable)
Stlth   ..........              (no amulet)
HPRegen 0.12/turn               (no ring)
MPRegen 0.14/turn               (no ring)

@: berserking (expiring), wreathed by umbra, very quick
A: very small, no large weapons, unfitting armour, see invisible, speed 3
a: Renounce Religion


You were in the Dungeon.
You worshipped Dithmenos.
Dithmenos was aware of your devotion.
You visited 1 branch

Inventory:

Hand Weapons
 a - a +1 dagger (weapon)
Armour
 b - a +0 robe (worn)
Scrolls
 i - a scroll of blinking
Potions
 c - a potion of invisibility
 d - a potion of curing
 f - a potion of haste
 g - 2 potions of magic


   Skills:
 + Level 1.0 Fighting
 + Level 3.4 Short Blades
 + Level 5.9 Dodging
 + Level 12.3 Stealth
 + Level 5.8 Spellcasting
 + Level 8.8 Hexes


You had 15 spell levels left.
You didn't know any spells.
Your spell library contained the following spells:

 Spells                   Type           Power      Damage    Failure   Level
 Confusing Touch          Hex            34%        N/A       1%          3
 Tukima's Dance           Hex            34%        N/A       1%          3
 Ensorcelled Hibernation  Hex/Ice        38%        N/A       3%          2
 Dazzling Flash           Conj/Hex       38%        N/A       6%          3


Dungeon Overview and Level Annotations

Branches:
Dungeon (1/1)

Altars:
Cheibriados
Dithmenos
Elyvilon
Gozag
Hepliaklqana
Kikubaaqudgha
Makhleb
Nemelex Xobeh
Okawaru
Qazlal
Ru
Sif Muna
Trog
Uskayaw
Vehumet
Wu Jian
Xom
Yredelemnul
Zin
The Shining One
Jiyva
Lugonu


Innate Abilities, Weirdness & Mutations

You are very small and have problems with some larger weapons.
You are too small for most types of armour.
You have supernaturally acute eyesight. (SInv)
You cover ground extremely quickly. (Speed+++)


Message History

* * * LOW HITPOINT WARNING * * *
The spriggan misses you.
You barely miss the spriggan. The spriggan closely misses you.
Press: ? - help, v - describe, . - travel
Here: a spriggan, wielding a +1 short sword of speed and wearing a +0 robe An open door.
Unknown command.
You barely miss the spriggan. The spriggan misses you. x2
You puncture the spriggan!
You kill the spriggan!
Dithmenos accepts your kill.
Your Stealth skill increases to level 12!
You miss the spriggan. The spriggan closely misses you.
You closely miss the spriggan. You puncture the spriggan!
The spriggan is severely wounded.
The scorpion misses you. The spriggan closely misses you.
You miss the spriggan.
The spriggan is severely wounded.
The scorpion closely misses you.
You closely miss the spriggan.
The spriggan is severely wounded.
The spriggan closely misses you.
You hit the spriggan.
The spriggan is almost dead.
You flicker back into view.
The scorpion misses you.
You puncture the spriggan!
You kill the spriggan!
Dithmenos accepts your kill.
You are shrouded in an aura of darkness!
The scorpion closely misses you.
You barely miss the scorpion. You hit the scorpion.
The scorpion is lightly wounded.
The scorpion completely misses you.
You hit the scorpion.
The scorpion is lightly wounded.
The scorpion stings you.
You die...

######################
#.⌠._._._._.⌠.#.@s$..#
'.._._._._._..'.)#$..#
#..._._._._...#..###+#
#.._._._._._..#.?#
#._._._._._.⌠.####
############### #


You could see a scorpion.

Vanquished Creatures
  A scorpion (D)
  4 oklob saplings (D)
  2 spriggans (D)
  A river rat (D)
  A rat (D)
9 creatures vanquished.

Notes
Turn   | Place    | Note
-------+----------+-------------------------------------------
     0 | D        | mhtbhm the Spriggan Enchanter began the quest for the Orb.
     0 | D        | Reached XP level 1. HP: 9/9 MP: 5/5
    15 | D        | Reached skill level 1 in Fighting
    15 | D        | Reached skill level 5 in Stealth
    15 | D        | Reached XP level 2. HP: 3/14 MP: 7/7
    20 | D        | Noticed an oklob sapling
    22 | D        | Killed an oklob sapling
    23 | D        | Reached skill level 7 in Stealth
    23 | D        | Reached skill level 5 in Hexes
    23 | D        | Reached XP level 3. HP: 5/18 MP: 9/9
    24 | D        | Noticed a scorpion
    24 | D        | Found the amulet of invisibility {+Inv}
    26 | D        | Killed a scorpion
    27 | D        | Reached skill level 9 in Stealth
    27 | D        | Reached XP level 4. HP: 6/22 MP: 9/11
    34 | D        | Found an opulent altar of Gozag.
    34 | D        | Found a hazy altar of Hepliaklqana.
    34 | D        | Found a snail-covered altar of Cheibriados.
    35 | D        | Found a viscous altar of Jiyva.
    35 | D        | Found a burning altar of Makhleb.
    35 | D        | Found a sparkling altar of Nemelex Xobeh.
    35 | D        | Found a sacrificial altar of Ru.
    35 | D        | Found a shimmering blue altar of Sif Muna.
    35 | D        | Found a bloodstained altar of Trog.
    35 | D        | Found an ornate altar of the Wu Jian Council.
    35 | D        | Found a shimmering altar of Xom.
    35 | D        | Found a basalt altar of Yredelemnul.
    36 | D        | Found an iron altar of Okawaru.
    36 | D        | Found a shadowy altar of Dithmenos.
    36 | D        | Found a glowing silver altar of Zin.
    37 | D        | Found an ancient bone altar of Kikubaaqudgha.
    37 | D        | Found a hide-covered altar of Uskayaw.
    38 | D        | Found a stormy altar of Qazlal.
    38 | D        | Found a white marble altar of Elyvilon.
    38 | D        | Found a glowing golden altar of the Shining One.
    39 | D        | Found a corrupted altar of Lugonu.
    39 | D        | Found a radiant altar of Vehumet.
    43 | D        | Reached skill level 5 in Dodging
    43 | D        | Reached skill level 11 in Stealth
    43 | D        | Reached skill level 5 in Spellcasting
    43 | D        | Reached XP level 5. HP: 8/25 MP: 10/13
    45 | D        | Became a worshipper of Dithmenos the Shadowed
    60 | D        | HP: 1/37 [spriggan/+1 short sword of speed (16)]
    64 | D        | Reached skill level 12 in Stealth
    70 | D        | Reached * piety under Dithmenos
    73 | D        | Slain by a scorpion

Illustrated notes

Levels and vault maps discovered:
D:        dungeon_sprint_fedhas [sprint_temple]

Skill      XL: |  1  2  3  4  5 |
---------------+----------------+-----
Fighting       | 1 |  1.0
Dodging        | 3 4 5 |  5.9
Stealth        | 5 7 9 11 12 | 12.3
Spellcasting   | 3 4 5 |  5.8
Hexes          | 4 5 6 8 |  8.8
Short Blades   | 2 3 |  3.4

Action                   |  1- 3 |  4- 6 || total
-------------------------+-------+-------++-------
Melee: Dagger            |    11 |    16 ||    27
  Use: Potion            |     1 |     2 ||     3
 Stab: Invisible         |     1 |       ||     1
       Sleeping          |     3 |     3 ||     6
Armor: Robe              |     1 |       ||     1
Dodge: Dodged            |     4 |    12 ||    16

Table legend: (Time is in decaauts)
 A = Elapsed time spent in this place.
 B = Non-inter-level travel time spent in this place.
 C = Inter-level travel time spent in this place.
 D = Time resting spent in this place.
 E = Time spent auto-exploring this place.
 F = Levels seen in this place.
 G = Mean time per level.
                   A        B        C        D        E       F      G
               +--------+--------+--------+--------+--------+-----+--------+
         Total |     51 |     51 |      0 |      0 |      1 |   1 |   51.0 |
       Dungeon |     51 |     51 |      0 |      0 |      1 |   1 |   51.0 |
               +--------+--------+--------+--------+--------+-----+--------+

Top non-repeatable levels by time:
       D: 51 daAuts
